Map: King of Braxis Station

Players

MrFercho

  • Race: Zerg Zerg
  • League: Silver
  • Spawn Location: 5:00

TATORREA

  • Race: Protoss Protoss
  • League: Silver
  • Spawn Location: 6:00

tigro

  • Race: Terran Terran
  • Spawn Location: 1:00

DjembZone

  • Race: Protoss Protoss
  • League: Gold
  • Spawn Location: 9:00

McCheesy

  • Race: Protoss Protoss
  • Spawn Location: 7:00

Atlas

  • Race: Zerg Zerg
  • Spawn Location: 11:00

VOD

Have the link to the VOD?

Description

Time

  • Played on: May 12, 2020, 8:44 p.m.
  • Length: 13:59
Show
View Real Time Build Order
Export as new Build Order

MrFercho Zerg 

Build Orders: Pool First, Zergling Baneling 

Get SALT Encoding   

  12  0:01  Drone  
  13  0:15  Overlord  
  13  0:18  Drone  
  14  0:28  Extractor  
  13  0:30  Drone  
  13  0:34  Extractor, Drone  
  14  0:41  Drone  
  15  0:51  Drone  
  16  0:59  Drone  
  17  1:07  Spawning Pool  
  16  1:12  Drone  
  17  1:22  Drone  
  18  1:39  Hatchery  
  17  1:54  Zergling x4  
  17  1:59  Metabolic Boost  
  19  2:03  Drone  
  20  2:13  Drone  
  20  2:14  Baneling Nest  
  20  2:17  Queen  
  22  2:25  Overlord  
  22  2:44  Drone  
  22  2:45  Drone  
  24  3:00  Roach Warren  
  24  3:01  Drone x3  
  24  3:48  Zergling x10  
  25  3:49  Zergling x4  
  25  3:50  Zergling x2  
  32  4:00  Lair  
  32  4:11  Baneling  
  32  4:12  Baneling x15  
  32  4:39  Drone  
  32  4:40  Drone x3  
  28  5:06  Roach x4  
  36  5:25  Hatchery  
  35  5:31  Tunneling Claws  
  35  5:41  Spire  
  34  6:39  Drone x3  
  37  6:48  Zergling x2  
  37  6:49  Zergling x8  
  37  6:51  Overlord  
  42  7:02  Overlord  
  42  7:10  Zerg Flyer Weapons Level 1  
  34  7:32  Baneling x10  
  34  7:41  Queen  
  34  7:42  Drone x3  
  39  7:50  Mutalisk  
  39  7:51  Mutalisk x3  
  47  8:11  Extractor  
  46  8:14  Extractor  
  45  8:24  Mutalisk x2  
  44  8:49  Drone x3  
  44  8:53  Drone x3  
  50  9:09  Hatchery  
  49  9:12  Hatchery x2  
  49  9:15  Hatchery  
  46  9:20  Hatchery  
  46  9:24  Drone x2  
  35  10:27  Mutalisk x9  
  52  10:45  Drone x6  
  58  10:58  Mutalisk x5  
  70  11:04  Roach x3  
  70  11:05  Roach x2  
  70  11:08  Drone  
  79  11:13  Zergling x6  
  79  11:14  Zergling x12  
  79  11:18  Overlord x5  
  88  11:36  Baneling  
  88  11:37  Baneling x17  
  88  11:41  Zergling x4  
  88  11:42  Zergling x28  
  104  11:48  Centrifical Hooks  
  104  11:54  Glial Reconstitution  
  104  12:05  Baneling  
  104  12:06  Baneling x10  
  87  12:34  Baneling  
  87  12:35  Baneling x18  
  87  12:36  Baneling  
Show
View Real Time Build Order
Export as new Build Order

TATORREA Protoss 

Build Orders: Oracle Opening 

Get SALT Encoding   

  12  0:01  Probe  
  13  0:20  Pylon  
  13  0:22  Probe  
  14  0:34  Probe  
  15  0:48  Probe  
  16  0:50  Gateway  
  16  0:53  Assimilator  
  16  1:00  Probe  
  17  1:12  Probe  
  18  1:32  Gateway  
  17  1:34  Probe  
  18  1:46  Assimilator  
  18  1:47  Probe  
  19  1:59  Probe  
  22  2:01  Zealot  
  22  2:04  Cybernetics Core  
  22  2:15  Pylon  
  22  2:18  Pylon, Probe  
  23  2:33  Probe  
  23  2:35  Zealot  
  26  2:40  Stalker  
  28  2:48  Probe  
  29  2:53  Stargate  
  29  2:59  Twilight Council  
  29  3:07  Stalker  
  31  3:15  Warp Gate  
  31  3:32  Stalker  
  33  3:52  Oracle  
  36  3:59  Zealot  
  38  4:16  Robotics Facility  
  38  4:34  Zealot  
  38  4:36  Zealot  
  31  5:01  Zealot  
  28  5:28  Void Ray  
  28  5:32  Immortal  
  36  5:37  Stalker  
  38  5:53  Pylon  
  38  5:57  Pylon  
  38  6:01  Pylon  
  38  6:06  Pylon  
  38  6:14  Pylon  
  38  6:18  Robotics Bay  
  38  6:26  Forge  
  38  6:30  Protoss Air Weapons Level 1  
  38  6:37  Stalker  
  40  6:40  Stalker  
  40  6:44  Void Ray  
  46  7:00  Gateway  
  46  7:01  Gateway  
  46  7:05  Gateway  
  46  7:07  Charge  
  46  7:14  Gateway  
  46  7:30  Colossus (Chrono Boost)  
  52  7:53  Protoss Ground Weapons Level 1 (Chrono Boost)  
  52  8:01  Zealot  
  52  8:02  Zealot x2  
  52  8:03  Zealot x2  
  62  8:12  Zealot  
  64  8:20  Extended Thermal Lance  
  56  9:10  Void Ray  
  60  9:23  Colossus  
  66  9:29  Zealot  
  66  9:30  Zealot x2  
  66  9:31  Zealot  
  74  9:32  Zealot  
  74  9:33  Zealot  
  30  10:14  Stalker x3  
Show
View Real Time Build Order
Export as new Build Order

tigro Terran 

Build Orders:  

Get SALT Encoding   

  12  0:05  SCV  
  13  0:17  SCV  
  14  0:21  Supply Depot  
  14  0:29  SCV  
  15  0:37  Refinery  
  15  0:43  SCV  
  16  0:55  SCV  
  17  0:57  Barracks  
  17  1:07  SCV  
  18  1:17  Refinery  
  18  1:19  SCV  
  19  1:26  Supply Depot  
  19  1:31  SCV  
  20  1:43  SCV  
  20  1:46  Barracks Tech Lab  
  21  1:58  Barracks  
  21  2:10  Marauder  
  23  2:19  Engineering Bay  
  23  2:20  SCV  
  24  2:31  Marine  
  25  2:40  Orbital Command  
  25  2:48  Factory  
  25  2:49  Marauder  
  27  3:02  Missile Turret  
  27  3:07  Barracks Tech Lab  
  27  3:10  Marine  
  28  3:29  Marauder  
  28  3:31  Missile Turret  
  30  3:48  Combat Shield  
  30  3:49  Marine  
  30  3:50  Stimpack  
  31  4:08  Supply Depot  
  31  4:15  Marine x2  
  31  4:16  SCV  
  34  4:33  Marine x2  
  36  4:39  Missile Turret  
  36  4:51  Marine x2, Factory Tech Lab  
  38  4:59  Missile Turret  
  38  5:07  Concussive Shells  
  38  5:09  Marauder, Marine  
  41  5:18  Missile Turret  
  41  5:27  Marine  
  42  5:28  Starport  
  42  5:35  SCV  
  43  5:42  Terran Infantry Weapons Level 1  
  43  5:47  SCV  
  44  6:02  Missile Turret  
  44  6:15  Starport Tech Lab  
  44  6:23  Fusion Core  
  43  6:30  Missile Turret  
  38  6:36  Hellion  
  7  6:57  Hellion  
  4  7:11  Armory  
  3  7:18  Hellion  
  5  7:40  Hellion  
Show
View Real Time Build Order
Export as new Build Order

DjembZone Protoss 

Build Orders:  

Get SALT Encoding   

  12  0:02  Probe  
  13  0:14  Probe  
  14  0:26  Pylon  
  14  0:28  Probe  
  15  0:44  Probe  
  15  0:47  Forge  
  16  0:52  Gateway  
  16  0:56  Probe  
  17  1:08  Probe  
  18  1:20  Probe  
  19  1:32  Probe  
  20  1:40  Zealot  
  20  1:44  Probe  
  23  1:51  Pylon  
  23  1:55  Pylon  
  23  1:58  Photon Cannon  
  23  2:09  Probe, Zealot  
  23  2:11  Photon Cannon  
  23  2:14  Photon Cannon  
  26  2:17  Photon Cannon  
  26  2:20  Photon Cannon  
  26  2:26  Pylon  
  26  2:29  Pylon  
  26  2:53  Nexus  
  26  3:05  Zealot  
  28  3:07  Pylon  
  28  3:09  Assimilator  
  28  3:12  Probe  
  29  3:24  Photon Cannon, Probe  
  30  3:29  Photon Cannon  
  30  3:36  Pylon  
  30  3:41  Pylon  
  30  3:54  Probe  
  31  4:06  Probe  
  32  4:19  Probe (Chrono Boost)  
  33  4:24  Photon Cannon  
  33  4:31  Probe (Chrono Boost)  
  35  4:38  Probe (Chrono Boost)  
  35  4:45  Probe, Unknown  
  35  4:51  Photon Cannon  
  36  4:53  Pylon  
  36  4:54  Zealot  
  38  5:01  Cybernetics Core  
  38  5:09  Assimilator  
  38  5:11  Photon Cannon  
  38  5:12  Probe (Chrono Boost)  
  39  5:16  Pylon  
  41  5:23  Probe x2 (Chrono Boost)  
  41  5:31  Probe (Chrono Boost)  
  41  5:32  Probe (Chrono Boost)  
  43  5:36  Probe (Chrono Boost), Zealot  
  43  5:39  Pylon  
  46  5:44  Probe  
  46  5:46  Stargate  
  47  5:57  Photon Cannon, Probe  
  48  6:00  Probe  
  48  6:01  Photon Cannon  
  49  6:13  Probe  
  49  6:16  Stargate  
  49  6:17  Stargate  
  50  6:25  Robotics Facility, Probe  
  51  6:31  Photon Cannon  
  51  6:36  Robotics Facility  
  51  6:38  Probe (Chrono Boost)  
  53  6:40  Gateway  
  53  6:41  Probe (Chrono Boost)  
  53  6:45  Gateway  
  53  6:46  Unknown  
  53  6:49  Probe (Chrono Boost), Unknown  
  53  6:51  Unknown  
  53  6:52  Probe (Chrono Boost)  
  53  6:54  Void Ray, Probe (Chrono Boost)  
  60  7:01  Void Ray  
  60  7:05  Probe  
  65  7:10  Void Ray  
  69  7:17  Probe  
  70  7:24  Immortal  
  70  7:28  Observer  
  75  7:31  Zealot  
  77  7:39  Probe  
  78  7:47  Zealot  
  78  7:50  Immortal  
  84  7:52  Void Ray, Probe  
  84  7:58  Zealot  
  91  7:59  Void Ray  
  91  8:02  Zealot  
  91  8:03  Observer  
  91  8:04  Probe (Chrono Boost)  
  99  8:15  Probe (Chrono Boost), Zealot  
  102  8:21  Probe (Chrono Boost)  
  102  8:24  Observer  
  102  8:25  Sentry  
  106  8:29  Immortal  
  106  8:31  Probe (Chrono Boost)  
  106  8:33  Void Ray  
  115  8:37  Probe (Chrono Boost)  
  116  8:45  Probe  
  117  8:57  Probe  
  118  9:11  Pylon  
  118  9:17  Pylon  
  118  9:19  Pylon  
  118  9:22  Pylon  
  118  9:28  Pylon  
  118  9:29  Void Ray  
  118  9:30  Immortal, Pylon  
  126  9:32  Pylon  
  126  9:33  Pylon  
  126  9:35  Void Ray, Immortal  
  126  9:37  Void Ray, Photon Cannon  
  138  9:46  Zealot x2  
  136  10:12  Immortal  
  136  10:13  Sentry, Zealot  
  144  10:14  Immortal  
  148  10:23  Void Ray  
  148  10:24  Void Ray  
  156  10:30  Void Ray  
  160  10:36  Pylon  
  160  10:40  Sentry, Stalker  
  164  10:46  Pylon  
  164  10:51  Immortal  
  164  10:54  Immortal  
  172  11:06  Adept  
  172  11:10  Zealot  
  176  11:15  Pylon  
  176  11:22  Pylon  
  176  11:27  Pylon  
  176  11:30  Immortal  
  176  11:32  Void Ray x3, Protoss Ground Weapons Level 1 (Chrono Boost)  
  184  11:33  Immortal  
  184  11:36  Zealot  
  184  11:37  Zealot  
  200  11:46  Forge  
  200  11:49  Forge, Cybernetics Core  
  200  11:57  Fleet Beacon  
  200  12:02  Robotics Bay  
  200  12:14  Twilight Council  
  200  12:16  Twilight Council  
  200  12:42  Anion Pulse-Crystals  
  200  12:52  Templar Archives  
  200  12:55  Dark Shrine  
  200  12:58  Colossus x2  
  200  12:59  Colossus  
  196  13:18  Immortal  
  200  13:35  Stargate  
  200  13:40  Stargate  
  200  13:42  Stargate  
  200  13:45  Stargate  
  200  13:49  Stargate  
Show
View Real Time Build Order
Export as new Build Order

McCheesy Protoss 

Build Orders:  

Get SALT Encoding   

  12  0:01  Probe (Chrono Boost)  
  13  0:13  Probe (Chrono Boost)  
  14  0:20  Probe (Chrono Boost)  
  15  0:30  Pylon  
  15  0:34  Assimilator  
  15  0:48  Probe  
  16  0:52  Gateway  
  16  1:10  Gateway  
  16  1:12  Pylon  
  16  1:33  Probe (Chrono Boost)  
  17  1:44  Probe (Chrono Boost)  
  17  1:46  Zealot  
  20  1:49  Probe (Chrono Boost)  
  21  2:00  Cybernetics Core  
  21  2:04  Forge  
  21  2:31  Gateway, Pylon  
  21  2:35  Stalker (Chrono Boost)  
  25  2:44  Stalker (Chrono Boost)  
  25  2:56  Stalker  
  27  3:03  Assimilator  
  27  3:16  Stalker  
  27  3:19  Zealot  
  29  3:26  Stalker  
  31  3:46  Stalker x2, Pylon  
  35  3:58  Zealot (Chrono Boost)  
  37  4:12  Photon Cannon  
  37  4:15  Zealot (Chrono Boost)  
  39  4:36  Photon Cannon  
  37  4:48  Stalker x2  
  41  4:55  Stalker  
  23  5:34  Stalker (Chrono Boost)  
  27  5:42  Stalker (Chrono Boost)  
  27  5:46  Probe  
  28  5:58  Probe  
  29  6:05  Stalker x2  
  33  6:17  Stalker  
  35  6:34  Stalker  
  37  6:45  Gateway  
  37  6:54  Stalker  
  39  7:15  Stalker x2  
  43  7:34  Stalker  
  45  7:39  Stalker  
  47  8:05  Pylon  
  47  8:25  Stalker (Chrono Boost), Pylon  
  49  8:44  Stalker (Chrono Boost)  
  53  8:53  Stalker (Chrono Boost)  
  53  9:21  Pylon  
  53  9:39  Stalker, Pylon  
  55  9:46  Pylon  
  55  9:57  Stalker x3  
  61  10:04  Pylon  
  61  10:14  Stalker  
  63  10:27  Stalker x2  
  67  10:43  Stalker  
  69  11:03  Zealot x2 (Chrono Boost)  
  75  11:08  Zealot (Chrono Boost)  
  77  11:20  Zealot (Chrono Boost)  
  77  11:27  Zealot (Chrono Boost)  
  79  11:42  Pylon  
  79  11:44  Pylon  
  79  11:45  Pylon  
  79  12:00  Zealot  
  81  12:15  Stalker  
  81  12:16  Stalker  
  85  12:43  Stalker x2  
  89  12:57  Stalker  
  79  13:12  Stalker  
  81  13:13  Stalker  
  73  13:28  Stalker  
Show
View Real Time Build Order
Export as new Build Order

Atlas Zerg 

Build Orders: Pool First, Roach Nydus 

Get SALT Encoding   

  12  0:07  Drone  
  13  0:12  Overlord  
  13  0:22  Drone  
  14  0:32  Drone x2  
  16  0:45  Spawning Pool  
  16  0:46  Extractor, Drone  
  15  0:51  Drone  
  16  1:07  Drone  
  17  1:21  Overlord  
  17  1:32  Queen  
  19  1:35  Zergling x4  
  21  1:47  Metabolic Boost  
  21  1:52  Drone  
  22  2:01  Drone  
  23  2:02  Roach Warren  
  23  2:08  Queen  
  24  2:11  Drone  
  25  2:23  Drone  
  26  2:31  Drone  
  27  2:45  Lair  
  27  2:49  Overlord  
  27  2:50  Extractor  
  26  2:55  Drone x2  
  26  2:56  Drone  
  30  3:20  Zergling x8  
  31  3:42  Zergling x4  
  33  3:49  Glial Reconstitution, Evolution Chamber  
  33  3:51  Overlord  
  32  3:59  Overseer  
  32  4:03  Zergling x6  
  32  4:09  Hatchery  
  34  4:16  Roach x2  
  38  4:31  Zergling x2  
  39  4:32  Nydus Network  
  39  4:34  Roach  
  39  4:35  Roach x2  
  44  4:48  Burrow  
  44  4:50  Drone  
  45  4:53  Spore Crawler  
  44  5:09  Roach  
  44  5:12  Overlord  
  46  5:24  Roach x2  
  46  5:25  Roach  
  52  5:31  Nydus Canal  
  52  5:49  Drone x3  
  55  5:52  Nydus Canal  
  55  5:57  Roach x2  
  59  6:09  Overlord  
  59  6:13  Evolution Chamber, Zerg Missile Weapons Level 1  
  57  6:31  Overlord  
  57  6:37  Hydralisk Den  
  44  7:33  Drone  
  44  7:34  Drone x5  
  50  7:38  Muscular Augments  
  50  7:40  Zerg Ground Armor Level 1  
  50  7:51  Hatchery  
  49  8:03  Roach x8  
  65  8:34  Extractor  
  65  8:36  Spine Crawler  
  65  8:37  Extractor, Spore Crawler  
  65  8:38  Zerg Missile Weapons Level 2  
  65  8:39  Hydralisk  
  63  8:50  Grooved Spines  
  63  9:04  Drone x6  
  69  9:18  Drone x2  
  69  9:19  Queen  
  73  9:38  Overlord x2  
  73  9:40  Pneumatized Carapace  
  73  9:49  Drone x3  
  76  10:08  Drone  
  76  10:09  Drone x7  
  84  10:14  Drone  
  84  10:15  Drone  
  86  10:32  Nydus Canal  
  86  10:33  Roach  
  86  10:34  Roach x2  
  92  10:59  Drone x2  
  92  11:02  Spine Crawler, Drone x2  
  95  11:04  Overlord x2, Spine Crawler  
  94  11:14  Hydralisk  
  96  11:19  Overlord x2  
  96  11:27  Overlord  
  96  11:28  Hydralisk  
  96  11:29  Hydralisk x2  
  96  11:31  Hydralisk x5  
  112  11:41  Nydus Canal  
  112  11:53  Hydralisk x6  
  124  12:37  Nydus Canal  
  124  12:48  Overlord x2  
  124  13:04  Nydus Canal  
  124  13:11  Hydralisk x11  
  124  13:12  Hydralisk x2  
  150  13:19  Nydus Canal  
  150  13:52  Nydus Canal  
Tags
 
Add a new tag
Caveats
  • Supply blocks, unpowered buildings, or Contaminate may cause inaccurate times.
  • Supply counts are checked every 10 seconds.